 Dungeon Crawl Stone Soup version 0.24.1 (webtiles) character file.

Game seed: 8447643871680465544, levelgen mode: deterministic

3730 seogyang the Protected (level 10, 0/76 HPs)
             Began as a Formicid Hunter on Apr 1, 2020.
             Slain by a warg (6 damage)
             ... on level 9 of the Dungeon.
             The game lasted 00:16:58 (10357 turns).

seogyang the Protected (Formicid Hunter)           Turns: 10357, Time: 00:16:59

Health: 0/76       AC: 14    Str: 25    XL:     10   Next: 36%
Magic:  10/10      EV:  9    Int: 11    God:
Gold:   403        SH:  0    Dex: 11    Spells: 9/9 levels left

rFire    + . .     SeeInvis +   a - +3 hand axe (flame)
rCold    . . .     Gourm    .   (no shield)
rNeg     + . .     Faith    .   g - +3 chain mail
rPois    .         Spirit   .   (helmet unavailable)
rElec    .         Reflect  .   (no cloak)
rCorr    .         Harm     .   (no gloves)
MR       +....                  (no boots)
Stlth    ..........             (no amulet)
HPRegen  0.22/turn              s - ring of positive energy
MPRegen  0.12/turn              D - ring of protection from fire

@: mighty
A: permanent stasis, dig shafts and tunnels, four strong arms, antennae 3
a: Dig, Shaft Self


You were on level 9 of the Dungeon.
You were not hungry.

You visited 2 branches of the dungeon, and saw 10 of its levels.

You collected 403 gold pieces.

Inventory:

Hand Weapons
 a - a +3 hand axe of flaming (weapon)
 o - a cursed -1 rapier
 t - a +0 hunting sling
 E - a +3 hand axe
 K - a +0 war axe
Missiles
 c - 6 javelins (quivered)
 d - 3 throwing nets
 h - 387 stones
 w - 6 silver javelins
 F - 4 atropa-tipped darts
 G - 6 boomerangs
Armour
 g - a +3 chain mail (worn)
Magical Staves
 k - an uncursed staff of power {unknown}
Jewellery
 s - a ring of positive energy (left hand)
 D - a ring of protection from fire (right hand)
Wands
 i - a wand of acid (1)
 x - a wand of disintegration (12)
 A - a wand of polymorph (14)
 L - a wand of flame (9)
Scrolls
 b - a scroll of immolation {unknown}
 e - 6 scrolls of teleportation {unknown}
 l - 5 scrolls of remove curse
 n - 2 scrolls of identify
 q - 2 scrolls of enchant weapon {unknown}
 u - a scroll of fear {unknown}
 y - 3 scrolls of amnesia {unknown}
 B - 3 scrolls of blinking {unknown}
 C - 3 scrolls of magic mapping {unknown}
Potions
 j - 2 potions of heal wounds {unknown}
 p - a potion of lignification {unknown}
 r - a potion of agility {unknown}
 v - 2 potions of flight
 z - a potion of cancellation {unknown}
 H - a potion of degeneration {unknown}
 I - a potion of magic
 M - 2 potions of resistance
Comestibles
 f - 18 rations


   Skills:
 + Level 5.9 Fighting
 + Level 7.4 Axes
 + Level 6.6 Throwing
 * Level 10.4 Armour
 - Level 1.7 Dodging
 - Level 1.2 Stealth


You had 9 spell levels left.
You didn't know any spells.
Your spell library contained the following spells:

 Spells                   Type           Power        Failure   Level  Hunger
 Shock                    Conj/Air       #...         86%         1    ##.....
 Swiftness                Chrm/Air       #.......     95%         2    ###....
 Static Discharge         Conj/Air       #.......     99%         3    ####...
 Airstrike                Air            #.........   100%        4    #####..
 Lightning Bolt           Conj/Air       #.........   100%        5    ######.


Dungeon Overview and Level Annotations

Branches:
Dungeon (9/15)             Temple (1/1) D:4
   Lair: D:8-11         Orc: D:9-12

Altars:
Ashenzari
Cheibriados
Dithmenos
Elyvilon
Gozag
Hepliaklqana
Kikubaaqudgha
Makhleb
Nemelex Xobeh
Okawaru
Qazlal
Ru
Sif Muna
Trog
Uskayaw
Vehumet
Wu Jian
Xom
Yredelemnul
Zin
The Shining One

Annotations:
D:8 exclusion: downstairs


Innate Abilities, Weirdness & Mutations

You cannot be hasted, slowed, berserked, paralysed or teleported.
You can dig through walls and to a lower floor.
Your four strong arms can wield two-handed weapons with a shield.
You have a pair of large antennae on your head. (SInv)


Message History

The warg is heavily wounded.
The warg bites you!
* * * LOW HITPOINT WARNING * * *
Throwing (i - inventory. (/) - cycle)
c - 7 javelins (quivered)
Press: ? - help, Shift-Dir - straight line, f/p - warg
Aim: a warg (heavily wounded)
You throw a javelin. The javelin misses the warg.
The warg barely misses you.
You feel better. The warg bites you.
* * * LOW HITPOINT WARNING * * *
The warg bites you but does no damage.
You feel very mighty all of a sudden. The warg bites you but does no damage.
You barely miss the warg.
The warg is moderately wounded.
The warg bites you!
* * * LOW HITPOINT WARNING * * *
You slash the warg! You burn the warg.
The warg is severely wounded.
The warg bites you.
You die...

...............#
.........####..#
.........# #..#
.........# #..#
.........####..#
.............(.#
...............##
..............rh##
............h.{#@#
##'#####.......###
.... #.......#
..... #.......#
..h... #.......#
.......#.......#
h......#.......#
.......#....[..#
#....##รท#


You could see a warg and a quokka.

Vanquished Creatures
  Joseph (D:7)
  A hippogriff (D:7)
  A yak (D:8)
  A hungry ghost (D:5)
  Menkaure (D:7)
  2 wargs (D:9)
  A black bear (D:6)
  2 sky beasts
  A phantom (D:7)
  An orc warrior (D:6)
  5 ogres
  A centaur (D:6)
  A big kobold (D:8)
  3 bullfrogs
  3 scorpions
  5 killer bees (D:8)
  8 howler monkeys
  A crimson imp (D:5)
  2 hounds
  4 orc priests
  A centaur skeleton (D:4)
  3 orc wizards
  An iguana (D:6)
  Terence (D:3)
  3 worker ants
  A hound skeleton (D:6)
  A mummy (D:7)
  8 adders
  A shadow imp (D:5)
  2 oozes
  2 worms
  2 adder skeletons
  A dart slug (D:1)
  5 leopard geckos
  24 orcs
  A ball python (D:1)
  2 giant cockroaches
  3 hobgoblins
  13 jackals
  3 quokkas
  3 bats
  7 frilled lizards
  A giant cockroach zombie (D:5)
  15 goblins
  A hobgoblin zombie (D:7)
  A jackal skeleton (D:4)
  9 kobolds
  A kobold zombie (D:7)
  2 leopard gecko skeletons
  2 orc zombies (D:7)
  2 quokka skeletons (D:7)
  15 rats
182 creatures vanquished.

Vanquished Creatures (others)
  An orc wizard (D:6)
1 creature vanquished.

Grand Total: 183 creatures vanquished

Notes
Turn   | Place    | Note
-------+----------+-------------------------------------------
     0 | D:1      | seogyang the Formicid Hunter began the quest for the Orb.
     0 | D:1      | Reached XP level 1. HP: 16/16 MP: 1/1
   118 | D:1      | Reached XP level 2. HP: 21/22 MP: 2/2
  1064 | D:2      | Reached XP level 3. HP: 27/28 MP: 3/3
  1090 | D:2      | Reached skill level 1 in Armour
  1734 | D:2      | Reached XP level 4. HP: 34/34 MP: 4/4
  2209 | D:3      | Noticed an ogre
  2223 | D:3      | Reached skill level 2 in Armour
  2230 | D:3      | Killed an ogre
  2230 | D:3      | Reached skill level 5 in Throwing
  2230 | D:3      | Reached skill level 3 in Armour
  2230 | D:3      | Reached XP level 5. HP: 26/40 MP: 5/5
  2808 | D:3      | Noticed Terence
  2816 | D:3      | Killed Terence
  3133 | D:3      | Reached XP level 6. HP: 41/46 MP: 6/6
  3223 | D:3      | Reached skill level 4 in Armour
  4006 | D:4      | Noticed an ogre
  4076 | D:4      | Killed an ogre
  4154 | D:4      | Reached skill level 1 in Axes
  4240 | D:4      | Reached XP level 7. HP: 35/52 MP: 7/7
  4243 | D:4      | Reached skill level 5 in Armour
  4842 | D:4      | Found a staircase to the Ecumenical Temple.
  4857 | D:4      | Found a shadowy altar of Dithmenos.
  4911 | Temple   | Entered the Ecumenical Temple
  5502 | D:5      | Entered Level 5 of the Dungeon
  5510 | D:5      | Reached XP level 8. HP: 55/58 MP: 8/8
  5548 | D:5      | Reached skill level 6 in Armour
  6520 | D:6      | Reached skill level 7 in Armour
  6836 | D:6      | Reached XP level 9. HP: 18/65 MP: 9/9
  7203 | D:6      | Reached skill level 5 in Axes
  7229 | D:6      | Reached skill level 8 in Armour
  7565 | D:7      | Noticed Menkaure
  7574 | D:7      | Killed Menkaure
  7866 | D:7      | Found a bloodstained altar of Trog.
  7869 | D:7      | Found an iron altar of Okawaru.
  7875 | D:7      | Found a sparkling altar of Nemelex Xobeh.
  8167 | D:7      | Found a hazy altar of Hepliaklqana.
  8614 | D:7      | Noticed a hippogriff
  8623 | D:7      | Killed a hippogriff
  8623 | D:7      | Reached skill level 9 in Armour
  8690 | D:7      | Noticed Joseph
  8711 | D:7      | Killed Joseph
  8711 | D:7      | Reached skill level 5 in Fighting
  9319 | D:8      | Reached XP level 10. HP: 50/74 MP: 10/10
  9849 | D:8      | Found a basalt altar of Yredelemnul.
  9938 | D:8      | Reached skill level 10 in Armour
 10357 | D:9      | Slain by a warg

Levels and vault maps discovered:
D:1:      dpeg_arrival_renting, layout_basic
D:2:      layout_loops_ring
D:3:      minmay_diamond_boxcup, layout_basic, minmay_ogre_servants,
          uniq_terence
D:4:      layout_loops_corners, nicolae_dithmenos_the_darkroom,
          minmay_temple_entry_butterflies, grunt_decor_arrowhead, minmay_puff
D:5:      layout_basic, first_ration
D:6:      layout_loops_ring, minmay_fountain_box, chequers_mini_garden
D:7:      layout_loops_ring, overflow_temple_1_default,
          minmay_overflow_temple_star_quad, minmay_misc_feat_nine_boxes,
          minmay_mini_ossuary, uniq_joseph, uniq_menkaure
D:8:      layout_loops_ring, basic_altar
D:9:      cheibrodos_frozen_isle, layout_stronghold, lemuel_doored_altar,
          minmay_orc_entry_guard_dogs
Temple:   compressed_dpeg_circular_temple

Skill      XL: |  1  2  3  4  5  6  7  8  9 10 |
---------------+-------------------------------+-----
Armour         | 1 3 4 5 7 9 10 | 10.4
Throwing       | 5 6 |  6.6
Fighting       | 3 4 5 |  5.9
Axes           | 1 2 4 6 7 |  7.4
Dodging        | |  1.7
Stealth        | |  1.2

Action                   |  1- 3 |  4- 6 |  7- 9 | 10-12 || total
-------------------------+-------+-------+-------+-------++-------
Melee: Short sword       |   138 |    35 |       |       ||   173
       Hand axe          |       |    56 |   327 |   132 ||   515
Throw: Stone             |    21 |    32 |       |       ||    53
       Javelin           |     3 |    23 |    31 |     3 ||    60
 Abil: Dig               |       |       |     1 |     1 ||     2
  Use: Potion            |       |       |     4 |     4 ||     8
       Scroll            |       |       |     6 |       ||     6
  Eat: Chunk             |     3 |     8 |    11 |     4 ||    26
       Ration            |       |       |     2 |       ||     2
Armor: Chain mail        |   105 |    63 |   233 |    70 ||   471
Dodge: Dodged            |    46 |    26 |   125 |    60 ||   257
